 Dungeon Crawl Stone Soup version 0.25-a0-803-g58bd18402a (webtiles) character file.

Game seed: 10334505687556956156, levelgen mode: deterministic

112053 Fukker the Brawler (level 16, -9/149 HPs)
             Began as a Troll Fighter on Apr 19, 2020.
             Was the Champion of Nemelex Xobeh.
             Mangled by a wolf spider (13 damage)
             ... on level 2 of the Spider Nest.
             The game lasted 01:29:25 (22864 turns).

Fukker the Brawler (Troll Fighter)                 Turns: 22864, Time: 01:29:28

Health: -9/149     AC: 11    Str: 38    XL:     16   Next: 10%
Magic:  14/14      EV: 14    Int:  6    God:    Nemelex Xobeh [******]
Gold:   1117       SH: 13    Dex: 14    Spells: 12/17 levels left

rFire    + + +     SeeInvis .     - Unarmed
rCold    + . .     Gourm    +   b - +0 kite shield
rNeg     + + +     Faith    +   P - +2 troll leather armour {Snorg}
rPois    +         Spirit   .   G - +1 hat of Kyaroax {rN+ Str+5}
rElec    +         Reflect  .   Z - scarf {rC+ rF+}
rCorr    .         Harm     .   (gloves unavailable)
MR       +....                  (boots unavailable)
Stlth    +.........             n - amulet of Egoqus {Faith rElec Int+2 Dex+2}
HPRegen  1.14/turn              a - ring of Guunnuel {rPois rF+ rN+ MP-9}
MPRegen  0.14/turn              i - ring "Ytucoas" {*Drain +Fly rF+ rN+++ Dex+3}

@: no status effects
A: large, unfitting armour, claws 3, fast metabolism 3, gourmand, regeneration
1, shaggy fur 1, tough skin 3
a: Draw Escape, Draw Destruction, Draw Summoning, Draw Stack, Triple Draw, Deal
Four, Stack Five, Renounce Religion, Evoke Flight


You were on level 2 of the Spider Nest.
You worshipped Nemelex Xobeh.
Nemelex Xobeh was exalted by your worship.
You were very full.

You visited 4 branches of the dungeon, and saw 25 of its levels.
You also visited: Sewer and Gauntlet.

You collected 2838 gold pieces.
You spent 1721 gold pieces at shops.

Inventory:

Missiles
 g - 3 curare-tipped darts
 x - 3 datura-tipped darts
 F - 19 javelins
 Q - 10 silver javelins
 V - 20 boomerangs (quivered)
Armour
 b - a +0 kite shield (worn)
 G - the +1 hat of Kyaroax (worn) {rN+ Str+5}
   (You found it on level 1 of the Orcish Mines)

   It affects your strength (+5).
   It protects you from negative energy.
 P - a +2 troll leather armour (worn) {Snorg}
 Z - a scarf of resistance (worn)
Jewellery
 a - the ring of Guunnuel (left claw) {rPois rF+ rN+ MP-9}
   (You found it in a Gauntlet)

   [ring of positive energy]

   It protects you from fire.
   It protects you from poison.
   It protects you from negative energy.
   It affects your magic capacity (-9).
 i - the ring "Ytucoas" (right claw) {*Drain +Fly rF+ rN+++ Dex+3}
   (You found it on level 14 of the Dungeon)

   [ring of flight]

   It affects your dexterity (+3).
   It protects you from fire.
   It renders you almost immune to negative energy.
   It lets you fly.
   It causes draining when unequipped.
 n - the amulet of Egoqus (around neck) {Faith rElec Int+2 Dex+2}
   (You took it off a minotaur in a Gauntlet)

   [amulet of faith]

   It allows you to gain divine favour quickly.
   It affects your intelligence (+2).
   It affects your dexterity (+2).
   It insulates you from electricity.
 X - an uncursed ring of protection from magic
Wands
 w - a wand of acid (44)
 y - a wand of digging (13)
 C - a wand of enslavement (7)
 H - a wand of paralysis (20)
 K - a wand of polymorph (8)
 M - a wand of disintegration (47)
 S - a wand of iceblast (24)
Scrolls
 j - a scroll of acquirement {unknown}
 k - 15 scrolls of remove curse
 m - 3 scrolls of magic mapping
 r - 20 scrolls of teleportation
 u - 5 scrolls of blinking
 A - a scroll of summoning
 B - 7 scrolls of fear
 D - 3 scrolls of immolation
 E - 6 scrolls of fog
 I - 3 scrolls of torment
 N - 2 scrolls of silence
 R - 4 scrolls of enchant armour
 W - a scroll of vulnerability
Potions
 c - 9 potions of might
 e - 2 potions of resistance
 h - 5 potions of haste
 o - 5 potions of curing
 p - 4 potions of mutation
 s - 2 potions of stabbing
 t - 3 potions of heal wounds
 v - 6 potions of lignification
 z - 4 potions of magic
 L - 2 potions of cancellation
 O - 3 potions of flight
 Y - a potion of invisibility
Miscellaneous
 l - a box of beasts
 q - 2 phantom mirrors
Comestibles
 d - 47 rations


   Skills:
 * Level 7.5 Fighting
 - Level 0.3 Throwing
 + Level 4.6 Armour
 + Level 8.6 Dodging
 - Level 0.1 Stealth
 - Level 10.0 Shields
 + Level 16.8 Unarmed Combat
 - Level 1.2 Spellcasting
 - Level 3.0 Necromancy
 * Level 11.4 Invocations
 * Level 6.4 Evocations


You had 12 spell levels left.
You knew the following spells:

 Your Spells              Type           Power        Failure   Level  Hunger
a - Animate Skeleton      Necr           N/A          14%         1    ##.....
b - Apportation           Tloc           #.....       43%         1    ##.....
c - Confusing Touch       Hex            #.......     82%         3    ####...

Your spell library contained the following spells:

 Spells                   Type           Power        Failure   Level  Hunger
 Sublimation of Blood     Necr           #.........   21%         2    ###....
 Corona                   Hex            #......      43%         1    ##.....
 Foxfire                  Conj/Fire      #...         43%         1    ##.....
 Magic Dart               Conj           #...         43%         1    ##.....
 Sandblast                Erth           #.....       43%         1    ##.....
 Shock                    Conj/Air       #...         43%         1    ##.....
 Summon Small Mammal      Summ           #...         43%         1    ##.....
 Blink                    Tloc           N/A          58%         2    ###....
 Call Imp                 Summ           #.......     58%         2    ###....
 Ensorcelled Hibernation  Hex/Ice        #.....       58%         2    ###....
 Passwall                 Tmut/Erth      #.......     58%         2    ###....
 Poisonous Vapours        Pois/Air       #.....       58%         2    ###....
 Slow                     Hex            #.......     58%         2    ###....
 Swiftness                Chrm/Air       #.......     58%         2    ###....
 Animate Dead             Necr           N/A          80%         4    #####..
 Call Canine Familiar     Summ           #.......     82%         3    ####...
 Conjure Flame            Conj/Fire      #.......     82%         3    ####...
 Dazzling Flash           Conj/Hex       #.....       82%         3    ####...
 Inner Flame              Hex/Fire       #.......     82%         3    ####...
 Mephitic Cloud           Conj/Pois/Air  #.......     82%         3    ####...
 Static Discharge         Conj/Air       #.......     82%         3    ####...
 Stone Arrow              Conj/Erth      #.....       82%         3    ####...
 Summon Guardian Golem    Hex/Summ       #.......     82%         3    ####...
 Tukima's Dance           Hex            #.......     82%         3    ####...
 Airstrike                Air            #.........   99%         4    #####..
 Fulminant Prism          Conj/Hex       #.........   99%         4    #####..
 Petrify                  Tmut/Erth      #.......     99%         4    #####..
 Sticky Flame             Conj/Fire      #.......     99%         4    #####..
 Summon Ice Beast         Ice/Summ       #.......     99%         4    #####..
 Summon Lightning Spire   Summ/Air       #.......     99%         4    #####..
 Fireball                 Conj/Fire      #.........   100%        5    ######.
 Irradiate                Conj/Tmut      #.........   100%        5    ######.
 Lee's Rapid Deconstruct  Erth           #.........   100%        5    ######.
 Lightning Bolt           Conj/Air       #.........   100%        5    ######.
 Death Channel            Necr           #.........   100%        6    #######
 Freezing Cloud           Conj/Ice/Air   #.........   100%        6    #######
 Simulacrum               Ice/Necr       #.........   100%        6    #######
 Ring of Flames           Chrm/Fire      #.........   100%        7    #######
 Ignition                 Fire           #.........   100%        8    #######


Dungeon Overview and Level Annotations

Branches:
Dungeon (14/15)            Temple (0/1) D:4            Lair (6/6) D:10
 Shoals (0/4) Lair:4       Spider (3/4) Lair:3        Slime (0/5) Lair:5
    Orc (2/2) D:12            Elf (0/3) Orc:2        Vaults (0/5) D:14
  Sewer (visited)         Gauntlet (visited)

Altars:
Ashenzari
Cheibriados
Dithmenos
Elyvilon
Hepliaklqana
Nemelex Xobeh
Okawaru
Qazlal
Uskayaw
Zin
Beogh
Jiyva

Shops:
D:9 *:?*   Orc:1 [((*%   Orc:2 }?:?

Annotations:
Lair:5 1 runed translucent door


Innate Abilities, Weirdness & Mutations

You are too large for most types of armour.
You have claws for hands.
Your metabolism is lightning-fast.
You like to eat raw meat.
Your natural rate of healing is unusually fast.
You are covered in fur. (AC +1)
You have extremely tough skin. (AC +3)


Message History

The redback bites you! The wolf spider hits you!
The wolf spider closely misses you. The tarantella closely misses you.
The redback closely misses you. The wolf spider hits you!
The wolf spider completely misses you.
You feel better. The tarantella bites you!
You are confused.
The redback closely misses you. The wolf spider hits you!
The wolf spider bites you!
* * * LOW HITPOINT WARNING * * *
The tarantella bites you but does no damage.
Okay, then.
You feel better. You block the redback's attack. The wolf spider hits you!
* * * LOW HITPOINT WARNING * * *
The wolf spider misses you. The tarantella bites you!
* * * LOW HITPOINT WARNING * * *
The redback bites you!
* * * LOW HITPOINT WARNING * * *
The wolf spider hits you!
You die...
Your body glows with a rainbow of weird colours and disappears.

............................#
............................#
..#.............##..........#
..##.##......#####..........#
.#####......## ##^........^#
^## #......# ##...........#
..# ###^..## #.....[.##...#
#.# ###.# ##s......#...# ###
### #@s.....##...#
##s.....####.# #...^.### ###
#.....#.## ##.......# ####
### ##^.......## ##
##..###.###.^#.......# ^#
#....##...#.##.....###
.####..........##.....##


You could see a wolf spider, a tarantella and a redback.

Vanquished Creatures
  Jorgrun (D:13)
  A quicksilver dragon (Spider:3)
  The ghost of Muiw the Bludgeoner, an adept DgAE (Spider:2)
  An orc warlord (Orc:2)
  2 emperor scorpions
  An entropy weaver (Lair:3)
  A minotaur (Gauntlet)
  A dire elephant (D:13)
  A spark wasp (Spider:2)
  An ettin (Lair:6)
  Josephine (D:13)
  An ogre mage (D:14)
  Harold (D:7)
  A catoblepas (Lair:6)
  5 hydras
  A centaur warrior (D:13)
  A death knight (D:11)
  6 two-headed ogres
  2 queen ants
  2 orc high priests
  5 death yaks
  Nergalle (Lair:1)
  A skeletal warrior (D:11)
  A deep troll (D:14)
  2 unseen horrors
  A phantasmal warrior (D:11)
  An obsidian statue (Gauntlet)
  4 orc knights (Orc:1)
  Pikel (D:6)
  11 orb spiders
  A deep elf mage (D:12)
  15 wolf spiders
  2 orc sorcerers (Orc:2)
  A cyclops (D:11)
  2 ugly things (D:12)
  4 moths of wrath
  A centaur zombie (D:12)
  A manticore (D:13)
  A guardian serpent (Orc:2)
  8 elephants
  Joseph (D:8)
  2 merfolk sirens (Lair:4)
  2 black mambas (Lair:3)
  A spiny frog (shapeshifter) (D:13)
  10 spiny frogs
  2 gargoyles (D:12)
  3 torpor snails
  5 orange demons (D:14)
  8 demonic crawlers
  2 rime drakes
  4 komodo dragons
  3 red devils (D:14)
  2 freezing wraiths (D:11)
  18 jumping spiders
  2 trolls
  A merfolk (Lair:4)
  2 meliai (Gauntlet)
  3 hornets
  8 hippogriffs
  A raiju (Lair:1)
  3 blink frogs
  Sigmund (D:3)
  33 redbacks
  A spriggan (Lair:6)
  3 wyverns
  A shadow (D:12)
  5 wraiths
  11 tarantellas
  60 yaks
  A fire bat (Lair:6)
  2 basilisks
  3 hungry ghosts
  A steam dragon (D:11)
  5 wargs
  A soldier ant (Spider:2)
  10 water moccasins
  4 porcupines
  24 orc warriors
  3 sky beasts
  A black bear (D:9)
  7 ice beasts
  12 ogres
  A boggart (Orc:2)
  A wolf (Orc:2)
  12 centaurs
  11 crocodiles
  15 bullfrogs
  2 wyvern skeletons
  3 scorpions
  7 killer bees
  5 wights (D:7)
  An electric eel (Lair:3)
  A howler monkey (Orc:2)
  3 bullfrog zombies
  3 crimson imps
  8 jellies
  A quasit (D:9)
  26 orc priests
  4 hounds
  4 bullfrog skeletons
  2 centaur skeletons
  Jessica (D:3)
  Natasha (thrice) (D:2)
  4 hell rats (Lair:3)
  36 orc wizards
  14 worker ants
  2 hound skeletons
  8 gnolls
  2 worker ant zombies (D:9)
  9 adders
  8 river rats
  A shadow imp (D:13)
  8 oozes
  2 adder skeletons
  3 worms (D:2)
  A dart slug (Orc:2)
  5 leopard geckos
  85 orcs
  5 ball pythons
  6 giant cockroaches
  5 goblins
  6 hobgoblins
  4 jackals
  3 quokkas
  11 bats
  5 frilled lizards
  A jackal skeleton (D:4)
  6 kobolds
  17 rats
  2 bushes (D:2)
  A fungus (Lair:6)
  2 plants (Lair:6)
744 creatures vanquished.

Vanquished Creatures (collateral kills)
  The ghost of Tux the Unseen, an adept SpEE of Vehumet (Orc:1)
  Aizul (Spider:3)
  Nessos (D:12)
  A hydra (Lair:6)
  A death yak (Lair:5)
  A tengu warrior (D:12)
  Urug (D:12)
  2 orc sorcerers (Orc:2)
  3 orb spiders
  A manticore (D:12)
  An ugly thing (D:9)
  An orange demon (D:14)
  A torpor snail (Lair:6)
  A demonic crawler (Spider:2)
  2 trolls
  A jumping spider (Spider:2)
  A slime creature (D:12)
  4 blink frogs
  A hippogriff (D:10)
  A meliai (Gauntlet)
  A wyvern (Orc:2)
  3 yaks
  A tarantella (Spider:2)
  A basilisk (D:10)
  A vampire mosquito (D:12)
  2 wargs
  2 water moccasins (Lair:5)
  Duvessa (D:7)
  3 porcupines (Lair:5)
  10 orc warriors
  An ice beast (D:12)
  An ogre (D:9)
  2 bullfrogs (D:7)
  Dowan (D:7)
  A killer bee (D:12)
  8 orc wizards (Orc:2)
  8 orc priests (Orc:2)
  20 orcs
  A giant cockroach (Orc:2)
  A ball python (Orc:2)
  A kobold (Orc:2)
97 creatures vanquished.

Vanquished Creatures (others)
  A polar bear (Lair:5)
  A redback (Spider:2)
  A yak (Lair:1)
  4 humans (Spider:3)
  A sky beast (D:13)
  2 fungi
  2 plants
  2 withered plants (Spider:2)
14 creatures vanquished.

Grand Total: 855 creatures vanquished

Notes
Turn   | Place    | Note
-------+----------+-------------------------------------------
     0 | D:1      | Fukker the Troll Fighter began the quest for the Orb.
     0 | D:1      | Reached XP level 1. HP: 22/22 MP: 0/0
   199 | D:1      | Reached XP level 2. HP: 18/29 MP: 1/1
   802 | D:2      | Reached skill level 3 in Unarmed Combat
   802 | D:2      | Reached XP level 3. HP: 32/36 MP: 2/2
   836 | D:2      | Found a sparkling altar of Nemelex Xobeh.
   855 | D:2      | Became a worshipper of Nemelex Xobeh the Trickster
  1088 | D:2      | Found a faded altar of an unknown god.
  1124 | D:2      | Received a gift from Nemelex Xobeh
  1151 | D:2      | Noticed Natasha
  1160 | D:2      | Killed Natasha
  1160 | D:2      | Reached XP level 4. HP: 30/44 MP: 3/3
  1230 | D:2      | Noticed Natasha
  1237 | D:2      | Killed Natasha
  1237 | D:2      | Reached skill level 4 in Unarmed Combat
  1343 | D:2      | Noticed Natasha
  1347 | D:2      | Killed Natasha
  1347 | D:2      | Reached XP level 5. HP: 50/50 MP: 4/4
  1608 | D:3      | Found a snail-covered altar of Cheibriados.
  1673 | D:3      | Found a hazy altar of Hepliaklqana.
  1879 | D:3      | Found a shattered altar of Ashenzari.
  2067 | D:3      | Noticed Jessica
  2068 | D:3      | Found a shadowy altar of Dithmenos.
  2088 | D:3      | Killed Jessica
  2135 | D:3      | Noticed Sigmund
  2138 | D:3      | Killed Sigmund
  2138 | D:3      | Reached skill level 5 in Unarmed Combat
  2138 | D:3      | Reached skill level 1 in Invocations
  2138 | D:3      | Reached XP level 6. HP: 59/59 MP: 5/5
  2241 | D:4      | Reached * piety under Nemelex Xobeh
  2353 | D:4      | Found a staircase to the Ecumenical Temple.
  2538 | D:4      | Reached XP level 7. HP: 63/66 MP: 8/8
  2691 | D:5      | Entered Level 5 of the Dungeon
  2885 | D:5      | Received a gift from Nemelex Xobeh
  2901 | D:5      | Found an iron altar of Okawaru.
  2938 | D:5      | Reached skill level 5 in Invocations
  2972 | D:5      | Reached ** piety under Nemelex Xobeh
  3163 | D:5      | Found a stormy altar of Qazlal.
  3386 | D:6      | Reached XP level 8. HP: 17/74 MP: 11/11
  3471 | D:6      | Reached skill level 6 in Unarmed Combat
  3530 | D:6      | Found a glowing drain.
  3538 | Sewer    | Entered a sewer
  3748 | D:6      | Reached skill level 7 in Unarmed Combat
  3996 | D:6      | Received a gift from Nemelex Xobeh
  4727 | D:7      | Noticed Pikel
  4744 | D:6      | Killed Pikel
  4744 | D:6      | Reached skill level 8 in Unarmed Combat
  4744 | D:6      | Reached XP level 9. HP: 52/83 MP: 12/12
  4826 | D:7      | Found a white marble altar of Elyvilon.
  4858 | D:7      | Found a glowing silver altar of Zin.
  4918 | D:7      | Noticed Duvessa
  4922 | D:7      | Noticed Dowan
  4924 | D:7      | Killed Duvessa
  4926 | D:7      | Killed Dowan
  4926 | D:7      | Reached skill level 1 in Evocations
  4937 | D:7      | Reached skill level 9 in Unarmed Combat
  4977 | D:7      | Received a gift from Nemelex Xobeh
  5016 | D:7      | Noticed Harold
  5028 | D:7      | Killed Harold
  5125 | D:7      | Reached skill level 10 in Unarmed Combat
  5420 | D:8      | Reached *** piety under Nemelex Xobeh
  5794 | D:8      | Noticed Joseph
  5817 | D:8      | Killed Joseph
  5829 | D:8      | Reached XP level 10. HP: 12/92 MP: 13/13
  5975 | D:8      | Received a gift from Nemelex Xobeh
  6383 | D:9      | Noticed a two-headed ogre
  6392 | D:9      | Killed a two-headed ogre
  6392 | D:9      | Reached skill level 5 in Dodging
  6392 | D:9      | Reached skill level 11 in Unarmed Combat
  6533 | D:9      | Received a gift from Nemelex Xobeh
  6533 | D:9      | Noticed a purple ugly thing
  6541 | D:9      | Killed a purple ugly thing
  6720 | D:9      | Found Qeuzem's Magic Scroll Shop.
  6725 | D:9      | Bought a scroll of silence for 112 gold pieces
  6725 | D:9      | Bought a scroll of identify for 30 gold pieces
  6725 | D:9      | Bought a scroll of identify for 30 gold pieces
  6725 | D:9      | Bought a scroll of identify for 30 gold pieces
  6725 | D:9      | Bought a scroll of teleportation for 45 gold pieces
  6783 | D:9      | Reached **** piety under Nemelex Xobeh
  6788 | D:9      | Found a hide-covered altar of Uskayaw.
  6799 | D:9      | Found a snail-covered altar of Cheibriados.
  6840 | D:9      | Received a gift from Nemelex Xobeh
  6842 | D:9      | Found Ublasuip's Book Shoppe.
  6854 | D:9      | Found Heim's Assorted Antiques.
  6858 | D:9      | Bought a wand of digging (6) for 136 gold pieces
  6957 | D:9      | Found Bawk's General Store.
  6965 | D:9      | Bought a potion of curing for 48 gold pieces
  6965 | D:9      | Bought a scroll of identify for 32 gold pieces
  7075 | D:10     | Entered Level 10 of the Dungeon
  7177 | D:10     | Noticed an elephant
  7178 | D:10     | Found a staircase to the Lair.
  7190 | D:10     | Killed an elephant
  7394 | D:10     | Received a gift from Nemelex Xobeh
  7531 | D:10     | Reached XP level 11. HP: 85/101 MP: 15/15
  7911 | D:10     | Reached skill level 12 in Unarmed Combat
  8029 | Lair:1   | Entered Level 1 of the Lair of Beasts
  8043 | Lair:1   | Noticed a five-headed hydra
  8047 | Lair:1   | Killed a five-headed hydra
  8364 | Lair:1   | Reached skill level 13 in Unarmed Combat
  8576 | Lair:1   | Reached ***** piety under Nemelex Xobeh
  8592 | Lair:1   | Noticed a four-headed hydra
  8593 | Lair:1   | Noticed an orb spider
  8593 | Lair:1   | a yak changed into an orb spider
  8613 | Lair:1   | Killed an orb spider
  8725 | Lair:1   | Killed an unseen horror
  8725 | Lair:1   | Reached skill level 5 in Fighting
  8812 | Lair:1   | Killed a five-headed hydra
  8860 | Lair:1   | Reached XP level 12. HP: 99/111 MP: 16/16
  8876 | Lair:1   | Noticed Nergalle
  8881 | Lair:1   | Killed Nergalle
  8907 | Lair:1   | Reached skill level 5 in Evocations
  8965 | Lair:1   | Received a gift from Nemelex Xobeh
  9296 | Lair:2   | Noticed a five-headed hydra
  9299 | Lair:2   | Killed a five-headed hydra
  9672 | Lair:2   | Received a gift from Nemelex Xobeh
  9832 | Lair:2   | Identified the Volume of the Volcanoes and Dark Secrets
  9850 | Lair:2   | Reached skill level 14 in Unarmed Combat
 10270 | Lair:3   | Noticed Snorg
 10272 | Lair:3   | Noticed Snorg
 10272 | Lair:3   | Snorg changed into Snorg the komodo dragon
 10285 | Lair:2   | Killed Snorg the komodo dragon
 10497 | Lair:3   | Received a gift from Nemelex Xobeh
 10639 | Lair:3   | Received a gift from Nemelex Xobeh
 11137 | Lair:3   | Found a hole to the Spider Nest.
 11279 | Lair:4   | Found a gate leading to a gauntlet.
 11309 | Gauntlet | Entered a Gauntlet
 11309 | Gauntlet | Found a transporter.
 11313 | Gauntlet | Found a transporter.
 11319 | Gauntlet | Found a transporter.
 11322 | Gauntlet | Found a transporter.
 11327 | Gauntlet | Found a transporter.
 11328 | Gauntlet | Found a transporter.
 11374 | Gauntlet | Found a transporter.
 11378 | Gauntlet | Received a gift from Nemelex Xobeh
 11387 | Gauntlet | Found a transporter.
 11397 | Gauntlet | Found a large runed translucent door.
 11397 | Gauntlet | Found a large runed translucent door.
 11398 | Gauntlet | Found a large runed translucent door.
 11398 | Gauntlet | Found a large runed translucent door.
 11399 | Gauntlet | Found a large runed translucent door.
 11399 | Gauntlet | Found a large runed translucent door.
 11400 | Gauntlet | Found a runed translucent gate.
 11400 | Gauntlet | Found a runed translucent door.
 11401 | Gauntlet | Found a transporter.
 11401 | Gauntlet | Found a runed translucent gate.
 11402 | Gauntlet | Found a runed translucent gate.
 11402 | Gauntlet | Found a runed translucent door.
 11405 | Gauntlet | Found a large runed translucent door.
 11406 | Gauntlet | Found a large runed translucent door.
 11407 | Gauntlet | Found a large runed translucent door.
 11408 | Gauntlet | Found a large runed translucent door.
 11418 | Gauntlet | Found a large runed translucent door.
 11418 | Gauntlet | Found a large runed translucent door.
 11419 | Gauntlet | Found a large runed translucent door.
 11420 | Gauntlet | Found a large runed translucent door.
 11422 | Gauntlet | Found a transporter.
 11426 | Gauntlet | Found a transporter.
 11430 | Gauntlet | Found a large runed translucent door.
 11430 | Gauntlet | Found a large runed translucent door.
 11438 | Gauntlet | Found a transporter.
 11464 | Gauntlet | Noticed a catoblepas
 11597 | Gauntlet | Identified the Handbook of Sinister Rites and Combat Magic
 11600 | Gauntlet | Got a heavily runed platinum ring
 11601 | Gauntlet | Identified the ring of Guunnuel {rPois rF+ rN+ MP-9} (You
                  | found it in a Gauntlet)
 11616 | Gauntlet | Identified the amulet of Egoqus {Faith rElec Int+2 Dex+2}
 11616 | Gauntlet | Noticed a minotaur
 11626 | Gauntlet | Killed a minotaur
 11626 | Gauntlet | Reached skill level 1 in Armour
 11626 | Gauntlet | Reached XP level 13. HP: 57/120 MP: 9/18
 11652 | Lair:4   | Reached ****** piety under Nemelex Xobeh
 11733 | Lair:4   | Received a gift from Nemelex Xobeh
 11880 | Lair:4   | Reached skill level 5 in Shields
 11894 | Lair:4   | Received a gift from Nemelex Xobeh
 12088 | Lair:4   | Found a staircase to the Shoals.
 12616 | Lair:5   | Received a gift from Nemelex Xobeh
 12664 | Lair:5   | Identified the -1 long sword "Xink" {freeze, rF+}
 12714 | Lair:5   | Reached skill level 15 in Unarmed Combat
 12950 | Lair:5   | Received a gift from Nemelex Xobeh
 12953 | Lair:5   | Found a runed translucent door.
 12953 | Lair:5   | Found a viscous altar of Jiyva.
 12953 | Lair:5   | Found a staircase to the Slime Pits.
 13305 | Lair:6   | Entered Level 6 of the Lair of Beasts
 13356 | Lair:6   | Noticed an ettin
 13356 | Lair:6   | an eight-headed hydra changed into an ettin
 13364 | Lair:6   | Killed an ettin
 13447 | Lair:6   | Received a gift from Nemelex Xobeh
 13584 | Lair:6   | Learned a level 1 spell: Animate Skeleton
 13601 | Lair:6   | Received a gift from Nemelex Xobeh
 13782 | Lair:6   | Reached skill level 1 in Necromancy
 13926 | Lair:6   | Received a gift from Nemelex Xobeh
 14444 | D:11     | You fall into a shaft and drop 1 floor!
 14550 | D:11     | Reached skill level 10 in Invocations
 14716 | D:11     | Received a gift from Nemelex Xobeh
 15019 | D:11     | Paralysed by an orc wizard for 2 turns
 15222 | D:12     | Reached XP level 14. HP: 90/130 MP: 11/20
 15267 | D:12     | Noticed Urug
 15284 | D:12     | Killed Urug
 15356 | D:12     | Found an iron altar of Okawaru.
 15391 | D:12     | Identified the amulet "Zosublor" {Acrobat Dex+5} (You found
                  | it on level 12 of the Dungeon)
 15431 | D:12     | Received a gift from Nemelex Xobeh
 15791 | D:12     | Noticed Nessos
 15818 | D:12     | Killed Nessos
 15975 | D:12     | Received a gift from Nemelex Xobeh
 16245 | D:12     | Found a staircase to the Orcish Mines.
 16261 | Orc:1    | Entered Level 1 of the Orcish Mines
 16383 | Orc:1    | Found a runed translucent gate.
 16383 | Orc:1    | Found a runed translucent gate.
 16383 | Orc:1    | Found a runed translucent gate.
 16388 | Orc:1    | Noticed Tux's ghost (adept SpEE)
 16396 | Orc:1    | Found Lidwoh's Antique Weapon Shoppe.
 16399 | Orc:1    | Received a gift from Nemelex Xobeh
 16403 | Orc:1    | Found Serherr's Antique Weapon Shop.
 16502 | Orc:1    | Found Pogoisaf's Armour Boutique.
 16552 | Orc:1    | Found a roughly hewn altar of Beogh.
 16586 | Orc:1    | Killed Tux's ghost
 16586 | Orc:1    | Reached skill level 1 in Spellcasting
 16619 | Orc:1    | Got a jewelled hat
 16625 | Orc:1    | Identified the +1 hat of Kyaroax {rN+ Str+5} (You found it
                  | on level 1 of the Orcish Mines)
 16696 | Orc:2    | Entered Level 2 of the Orcish Mines
 16757 | Orc:2    | Received a gift from Nemelex Xobeh
 16825 | Orc:2    | Noticed an orc warlord
 16826 | Orc:2    | an orc warlord changed into a minotaur
 16861 | Orc:2    | Noticed an orc warlord
 16861 | Orc:2    | Paralysed by an orc sorcerer for 7 turns
 16865 | Orc:2    | Reached skill level 10 in Shields
 16997 | Orc:2    | Killed an orc warlord
 17116 | Orc:2    | Paralysed by an orc sorcerer for 4 turns
 17361 | Orc:2    | Received a gift from Nemelex Xobeh
 17363 | Orc:2    | Found Dukabromo's Gadget Shop.
 17363 | Orc:2    | Found Udekkas's Magic Scroll Shop.
 17364 | Orc:2    | Found Yhuo's Magic Scroll Boutique.
 17368 | Orc:2    | Found Wir Uziq's Book Boutique.
 17374 | Orc:2    | Bought a scroll of teleportation for 54 gold pieces
 17374 | Orc:2    | Bought a scroll of blinking for 135 gold pieces
 17374 | Orc:2    | Bought a scroll of teleportation for 54 gold pieces
 17374 | Orc:2    | Bought a scroll of identify for 36 gold pieces
 17375 | Orc:2    | Bought a scroll of blinking for 97 gold pieces
 17375 | Orc:2    | Bought a scroll of identify for 26 gold pieces
 17376 | Orc:2    | Bought a phantom mirror for 330 gold pieces
 17376 | Orc:2    | Bought a wand of digging (4) for 176 gold pieces
 17424 | Orc:2    | Found Hetacejolu's Jewellery Emporium.
 17449 | Orc:2    | Found a staircase to the Elven Halls.
 17657 | Orc:2    | Received a gift from Nemelex Xobeh
 17846 | Orc:2    | Bought a book of Maledictions for 350 gold pieces
 17848 | Orc:2    | Learned a level 1 spell: Apportation
 17852 | Orc:2    | Learned a level 3 spell: Confusing Touch
 17873 | Orc:1    | Found Bokaihe's General Store.
 17875 | Orc:1    | Found Hoxeozxe's Food Boutique.
 18236 | D:13     | Noticed Rupert
 18341 | D:13     | Received a gift from Nemelex Xobeh
 18388 | D:13     | Noticed Rupert
 18388 | D:13     | Rupert changed into Rupert the dire elephant
 18395 | D:13     | Killed Rupert the dire elephant
 18471 | D:13     | Noticed Jorgrun
 18473 | D:13     | Noticed Josephine
 18480 | D:13     | Killed Josephine
 18486 | D:13     | Killed Jorgrun
 18501 | D:13     | Reached XP level 15. HP: 56/136 MP: 12/21
 18885 | D:14     | Received a gift from Nemelex Xobeh
 18892 | D:14     | Got a glittering silver ring
 18914 | D:14     | Identified the ring "Ytucoas" {*Drain +Fly rF+ rN+++ Dex+3}
                  | (You found it on level 14 of the Dungeon)
 19213 | D:14     | Noticed Agnes
 19218 | D:14     | Noticed Agnes
 19218 | D:14     | Agnes changed into Agnes the deep troll
 19220 | D:14     | Killed Agnes the deep troll
 19395 | D:14     | Received a gift from Nemelex Xobeh
 19444 | D:14     | Found a gate to the Vaults.
 19831 | Spider:1 | Entered Level 1 of the Spider Nest
 20192 | Spider:1 | Reached skill level 16 in Unarmed Combat
 20423 | Spider:1 | Received a gift from Nemelex Xobeh
 21157 | Spider:2 | Found a runed translucent door.
 21157 | Spider:2 | Noticed Muiw's ghost (adept DgAE)
 21304 | Spider:2 | Received a gift from Nemelex Xobeh
 21803 | Spider:2 | Received a gift from Nemelex Xobeh
 22216 | Spider:2 | HP: 5/140 [Muiw's ghost (19)]
 22221 | Spider:2 | Killed Muiw's ghost
 22398 | Spider:3 | Noticed Aizul
 22408 | Spider:3 | Killed Aizul
 22547 | Spider:3 | Reached XP level 16. HP: 149/149 MP: 14/23
 22627 | Spider:3 | Noticed Kirke
 22636 | Spider:3 | Noticed Kirke
 22654 | Spider:3 | Killed Kirke the quicksilver dragon
 22864 | Spider:2 | HP: 4/149 [redback (11)]
 22864 | Spider:2 | Mangled by a wolf spider

Levels and vault maps discovered:
D:1:      minmay_arrival_five_plusses, layout_loops_ring,
          minmay_misc_feat_doors, minmay_misc_feat_plants
D:2:      layout_basic, nemelex_xobeh_ov_fountains_minmay,
          chequers_ecumenical_altar_simple_redux, serial_forest,
          infiniplex_forest_lined_room_3, infiniplex_forest_clump_diagonal,
          infiniplex_forest_3_way, infiniplex_forest_clump_long,
          infiniplex_forest_clump_small, infiniplex_forest_straight_2,
          infiniplex_forest_join, infiniplex_forest_clump_diagonal,
          first_ration, uniq_natasha
D:3:      layout_loops_cross, cheibriados_altar_1, cheibrodos_ashenzari_chains,
          marbit_many_paths, nicolae_dithmenos_through_a_glass_darkly,
          minmay_misc_feat_roman, chequers_serial_rivers_large_b,
          serial_park_tiny_pond, uniq_sigmund, uniq_jessica
D:4:      layout_rooms, minmay_temple_entry_sparse_star, minivault_24
D:5:      layout_basic, kennysheep_mini_moat, okawaru_ov_weapons_minmay
D:6:      layout_layer_cave, portal_sewer_entry_e
D:7:      layout_rooms, zin_treasury, elyvilon_altar_4, uniq_harold,
          uniq_duvessa, uniq_pikel
D:8:      layout_basic, uniq_joseph
D:9:      layout_irregular_city, lemuel_crystal_altar, serial_shops, shop, shop,
          shop, shop, basic_altar
D:10:     layout_loops_corners, david_lair_generic,
          hangedman_little_slice_of_home, hangedman_decor_push
D:11:     layout_loops_ring, kennysheep_generic_room_14
D:12:     hangedman_cross_cluster, layout_irregular_city, david_orc_4,
          uniq_urug, uniq_nessos
D:13:     layout_rooms, uniq_jorgrun, uniq_rupert, uniq_josephine
D:14:     layout_basic, david_vaults_2, nrook_pool_corridor,
          minmay_beelzebubs_servants, uniq_agnes
Lair:1:   layout_hall_layers, uniq_nergalle
Lair:2:   layout_chaotic_city, serial_bayou_shore_b, infiniplex_staircase_pool
Lair:3:   layout_regular_city, nicolae_spider_entry_orb_guardian,
          nicolae_quartered_pool_medium, kennysheep_abandoned_house, uniq_snorg
Lair:4:   layout_cave_pods, elwin_shoals_entry_rooms, gauntlet_entry_generic,
          st_stairs_10
Lair:5:   layout_regular_city, slime_altar_2
Lair:6:   due_jungle_book, layout_cave_pods, minmay_stone_trees_medium,
          grunt_forest_large_clearing_hut
Spider:1: layout_spider_delve
Spider:2: nicolae_spider_hall_of_the_moth_king, gammafunk_ghost_grave
Spider:3: layout_spider_delve, uniq_arachne, uniq_kirke, uniq_aizul
Orc:1:    layout_caves, biasface_ghost_orc_armoury, serial_shops, shop, shop,
          shop, shop, nicolae_shop_trees, mines_bat_river
Orc:2:    st_orc_mages, layout_caves, serial_shops, shop

Skill      XL: |  1  2  3  4  5  6  7  8  9 10 11 12 13 14 15 |
---------------+----------------------------------------------+-----
Shields        | 3 4 7 10 | 10.0
Unarmed Combat | 3 4 5 8 10 11 13 14 15 16 | 16.8
Invocations    | 1 3 6 7 9 10 11 | 11.4
Fighting       | 3 4 5 6 7 |  7.5
Dodging        | 3 4 5 6 7 8 |  8.6
Evocations     | 1 3 4 5 6 |  6.4
Armour         | 1 3 4 |  4.6
Necromancy     | 2 3 |  3.0
Spellcasting   | 1 |  1.2
Throwing       | |  0.3
Stealth        | |  0.1

Action                   |  1- 3 |  4- 6 |  7- 9 | 10-12 | 13-15 | 16-18 || total
-------------------------+-------+-------+-------+-------+-------+-------++-------
Melee: Unarmed           |   195 |   116 |   267 |   542 |  1224 |    51 ||  2395
Throw: Stone             |     6 |     3 |     4 |    15 |       |       ||    28
       Boomerang         |       |       |       |       |    20 |     8 ||    28
 Cast: Animate Skeleton  |       |       |       |       |    14 |       ||    14
Invok: Draw Destruction  |       |     4 |     6 |    22 |    46 |     2 ||    80
       Draw Summoning    |       |       |     1 |     8 |    21 |       ||    30
       Draw Escape       |       |       |       |     4 |     9 |       ||    13
       Draw Stack        |       |       |       |       |     2 |       ||     2
       Stack Five        |       |       |       |       |     1 |       ||     1
       Deal Four         |       |       |       |       |     2 |       ||     2
 Abil: Evoke Berserk Rag |       |       |     1 |     1 |       |       ||     2
       Evoke Flight      |       |       |       |       |     2 |       ||     2
Evoke: Wand              |       |     1 |     1 |    26 |    24 |     5 ||    57
       Tin of tremorston |       |       |       |       |     1 |       ||     1
  Use: Scroll            |       |       |     8 |    19 |    16 |       ||    43
       Potion            |       |       |       |       |     6 |     2 ||     8
 Stab: Sleeping          |     1 |     1 |       |       |       |       ||     2
       Distracted        |       |       |       |       |     4 |       ||     4
       Invisible         |       |       |       |       |     6 |       ||     6
  Eat: Chunk             |     7 |    19 |    29 |    47 |    70 |    10 ||   182
       Ration            |     1 |       |       |       |    10 |       ||    11
Armor: Robe              |    28 |    28 |    63 |    63 |       |       ||   182
       Troll leather arm |       |       |       |    18 |   318 |    19 ||   355
       Skin              |       |       |       |       |    58 |       ||    58
Dodge: Dodged            |    24 |    24 |    64 |   141 |   523 |    38 ||   814
Block: Kite shield       |    35 |    37 |    87 |   175 |   743 |    39 ||  1116

Table legend:
 A = Non-vault XP
 B = Vault XP
 C = Vault XP percentage of total XP
 D = Non-vault monster count
 E = Vault monster count
 F = Vault count percentage of total count
                 A         B        C        D         E       F
            +---------+---------+-------+---------+---------+-------
      Total |  109522 |   50554 |  31.6 |     617 |     220 |  26.3
            +---------+---------+-------+---------+---------+-------
        D:1 |      23 |       0 |   0.0 |      14 |       0 |   0.0
        D:2 |     162 |      36 |  18.2 |      25 |       1 |   3.8
        D:3 |      14 |     270 |  95.1 |       9 |       3 |  25.0
        D:4 |     261 |       0 |   0.0 |      21 |       0 |   0.0
        D:5 |     560 |       0 |   0.0 |      24 |       0 |   0.0
        D:6 |     781 |     639 |  45.0 |      14 |       9 |  39.1
        D:7 |     791 |    1097 |  58.1 |      15 |       3 |  16.7
        D:8 |     801 |     455 |  36.2 |      17 |       1 |   5.6
        D:9 |    3067 |       0 |   0.0 |      27 |       0 |   0.0
       D:10 |    2038 |    1123 |  35.5 |      17 |      12 |  41.4
       D:11 |    5206 |     129 |   2.4 |      24 |       1 |   4.0
       D:12 |    4600 |    8196 |  64.1 |      32 |      44 |  57.9
       D:13 |    4910 |    5861 |  54.4 |      35 |       7 |  16.7
       D:14 |    1228 |    5954 |  82.9 |       5 |      13 |  72.2
     Lair:1 |   11741 |     800 |   6.4 |      37 |       1 |   2.6
     Lair:2 |    6144 |     367 |   5.6 |      29 |       1 |   3.3
     Lair:3 |    7747 |    1122 |  12.7 |      23 |      19 |  45.2
     Lair:4 |    2576 |    1308 |  33.7 |       8 |       4 |  33.3
     Lair:5 |    5430 |       0 |   0.0 |      29 |       0 |   0.0
     Lair:6 |    9579 |    1353 |  12.4 |      20 |       3 |  13.0
   Spider:1 |   11017 |       0 |   0.0 |      30 |       0 |   0.0
   Spider:2 |   15087 |    7274 |  32.5 |      46 |      15 |  24.6
   Spider:3 |    7685 |    4208 |  35.4 |      18 |       3 |  14.3
      Orc:1 |    2236 |    4196 |  65.2 |      21 |      24 |  53.3
      Orc:2 |    5838 |    3802 |  39.4 |      77 |      45 |  36.9
      Sewer |       0 |     109 | 100.0 |       0 |       6 | 100.0
   Gauntlet |       0 |    2255 | 100.0 |       0 |       5 | 100.0
            +---------+---------+-------+---------+---------+-------
